 Dungeon Crawl Stone Soup version 0.26-a0-278-g3b0d5afba5 (webtiles) character file.

Game seed: 7514450012508093967

98 BritishOli the Skirmisher (level 4, -10/41 HPs)
             Began as a Hill Orc Fighter on July 12, 2020.
             Mangled by Menkaure (18 damage)
             ... on level 4 of the Dungeon.
             The game lasted 00:01:01 (2178 turns).

BritishOli the Skirmisher (Hill Orc Fighter)        Turns: 2178, Time: 00:01:02

Health: -10/41     AC:  7    Str: 19    XL:     4   Next: 71%
Magic:  4/4        EV:  7    Int:  8    God:
Gold:   79         SH:  9    Dex: 10    Spells: 3/3 levels left

rFire    . . .     SeeInvis .   a - +0 long sword
rCold    . . .     Faith    .   c - +0 kite shield
rNeg     . . .     Spirit   .   b - +0 scale mail
rPois    .         Reflect  .   (no helmet)
rElec    .         Harm     .   (no cloak)
rCorr    .                      (no gloves)
MR       .....                  (no boots)
Stlth    ..........             (no amulet)
HPRegen  0.13/turn              (no ring)
MPRegen  0.09/turn              (no ring)

@: no status effects
A: no striking features
a: no special abilities


You were on level 4 of the Dungeon.
You visited 1 branch of the dungeon, and saw 4 of its levels.

You collected 79 gold pieces.

Inventory:

Hand Weapons
 a - a +0 long sword (weapon)
Armour
 b - a +0 scale mail (worn)
 c - a +0 kite shield (worn)
Jewellery
 p - an uncursed amulet of faith {unknown}
Scrolls
 f - a scroll of fog {unknown}
 g - a scroll of identify {unknown}
 h - 4 scrolls of teleportation {unknown}
 i - a scroll of blinking {unknown}
 k - a scroll of magic mapping {unknown}
 l - 3 scrolls of remove curse {unknown}
 m - 2 scrolls of random uselessness {unknown}
Potions
 d - a potion of might
 e - a potion of stabbing {unknown}
 j - a potion of mutation {unknown}
 n - a potion of flight {unknown}
 q - a potion of lignification {unknown}
 r - a potion of berserk rage {unknown}


   Skills:
 + Level 4.5 Fighting
 + Level 3.1 Long Blades
 + Level 4.0 Armour
 + Level 4.0 Shields


You had 3 spell levels left.
You didn't know any spells.
Your spell library was empty.

Dungeon Overview and Level Annotations

Branches:
Dungeon (4/15)
 Temple: D:4-7

Altars:
Vehumet

Annotations:
D:4 Menkaure; iVAG's ghost, amateur GnWn


Message History

You hit Menkaure.
Menkaure is moderately damaged.
Menkaure casts a spell.
Menkaure seems to speed up.
You barely miss Menkaure.
Menkaure is moderately damaged.
Menkaure hits you but does no damage. Menkaure barely misses you.
You riposte.
You hit Menkaure.
Menkaure is moderately damaged.
You slash Menkaure!
Menkaure is severely damaged.
Menkaure hits you!
* * * LOW HITPOINT WARNING * * *
You hit Menkaure but do no damage.
Menkaure is severely damaged.
Menkaure calls on the powers of darkness!
Your body is wracked with pain!
* * * LOW HITPOINT WARNING * * *
Menkaure hits you!!
You die...

#.©.###.#g8g#≈≈......
........#####≈≈....#
≈≈≈≈≈≈≈≈≈≈≈≈≈≈≈....#
≈≈≈≈≈≈≈≈≈≈≈≈≈≈≈....#
............†÷..####.# #
..........#)#......<.#.#
..........#.#.#####.....
.....###.##.#...........
.....# #.#..####@M......
.....###.#.....+.......#
'#....>..#..####.......#
.#########..# #......##
.#########..# #.....##
.#.......#..######.###
.#.#####.#.........#
.#.# #.#.######.## ...#
#.#......#


You could see Menkaure (fast).

Vanquished Creatures
  An orc wizard (D:4)
  A hound skeleton (D:4)
  2 oozes
  A worm (D:3)
  4 orcs (D:4)
  3 bats
  2 giant cockroaches
  3 goblins
  3 hobgoblins
  3 jackals (D:1)
  A quokka (D:4)
  3 ball pythons
  2 frilled lizards
  8 kobolds
  4 rats
41 creatures vanquished.

Vanquished Creatures (others)
  5 plants (D:4)
5 creatures vanquished.

Grand Total: 46 creatures vanquished

Notes
Turn   | Place    | Note
-------+----------+-------------------------------------------
     0 | D:1      | BritishOli the Hill Orc Fighter began the quest for the
                  | Orb.
     0 | D:1      | Reached XP level 1. HP: 19/19 MP: 1/1
   206 | D:1      | Reached XP level 2. HP: 22/27 MP: 2/2
   459 | D:2      | Found a radiant altar of Vehumet.
   848 | D:2      | Reached XP level 3. HP: 31/33 MP: 3/3
  1945 | D:4      | Reached XP level 4. HP: 22/41 MP: 4/4
  2157 | D:4      | Noticed iVAG's ghost (amateur GnWn)
  2167 | D:4      | Noticed Menkaure
  2178 | D:4      | Mangled by Menkaure

Illustrated notes

Levels and vault maps discovered:
D:1:      evilmike_arrival_plus, layout_basic
D:2:      layout_loops_corners, fiery_altar_vehumet
D:3:      layout_basic
D:4:      layout_basic, gammafunk_ghost_gnarly_gnolls, dk_noncrumbling_4,
          minmay_manual_mullet, uniq_menkaure

Skill      XL: |  1  2  3  4 |
---------------+-------------+-----
Fighting       | 4 |  4.5
Long Blades    | 3 |  3.1
Armour         | 4 |  4.0
Shields        | 4 |  4.0

Action                   |  1- 3 |  4- 6 || total
-------------------------+-------+-------++-------
Melee: Long sword        |   107 |    37 ||   144
  Use: Potion            |     1 |       ||     1
Armor: Scale mail        |    53 |    15 ||    68
Dodge: Dodged            |    42 |    10 ||    52
Block: Kite shield       |    59 |    16 ||    75
       Rpst.: Long sword |    14 |     5 ||    19

Table legend:
 A = Non-vault XP
 B = Vault XP
 C = Vault XP percentage of total XP
 D = Non-vault monster count
 E = Vault monster count
 F = Vault count percentage of total count
                 A         B        C        D         E       F
            +---------+---------+-------+---------+---------+-------
      Total |     141 |       0 |   0.0 |      41 |       0 |   0.0
            +---------+---------+-------+---------+---------+-------
        D:1 |      25 |       0 |   0.0 |      12 |       0 |   0.0
        D:2 |      14 |       0 |   0.0 |       9 |       0 |   0.0
        D:3 |      27 |       0 |   0.0 |      11 |       0 |   0.0
        D:4 |      75 |       0 |   0.0 |       9 |       0 |   0.0
            +---------+---------+-------+---------+---------+-------
